[Event "Live Chess"]
[Site "Chess.com"]
[Date "2024.06.02"]
[Round "-"]
[White "Ferrarifan27"]
[Black "Greenbecker"]
[Result "1/2-1/2"]
[WhiteElo "2113"]
[BlackElo "1779"]
[TimeControl "300"]
[EndTime "0:31:03 PDT"]
[Termination "Game drawn by repetition"]

1. e4 Nc6 2. d4 d5 3. e5 Bf5 4. h4 h5 5. Bg5 f6 6. exf6 exf6 7. Bf4 Bd6 8. Bxd6 Qxd6 9. Nf3 O-O-O 10. Be2 Re8 11.
O-O g5 12. hxg5 fxg5 13. Nxg5 Qg6 14. Nf3 h4 15. Nc3 h3 16. g3 Nf6 17. Qd2 Ne4 18. Nxe4 dxe4 19. Nh2 e3 20. Qc3 exf2+ 21. Rxf2 Rhg8 22.
g4 Rxe2 23. Rxe2 Bxg4 24. Nxg4 Qxg4+ 25. Kf2 Qg2+ 26. Ke1 Qg1+ 27. Kd2 Qxa1 28. Qxh3+ Kb8 29. Qh5 Qxb2 30. Re8+ Nd8 31. Rxg8 Qxd4+ 32. Kc1 Qa1+ 33. Kd2 Qd4+ 34. Ke1 Qc3+ 35. Kd1 Qd4+ 36. Kc1 Qa1+ 37. Kd2 Qd4+ 1/2-1/2

[Event "Live Chess"]
[Site "Chess.com"]
[Date "2024.06.02"]
[Round "-"]
[White "CheckThis4"]
[Black "Victor_Bondar"]
[Result "1-0"]
[WhiteElo "2693"]
[BlackElo "1460"]
[TimeControl "300"]
[EndTime "0:31:03 PDT"]
[Termination "CheckThis4 won by checkmate"]

1. d4 Nf6 2. Nc3 e6 3. e4 c5 4. d5 exd5 5. e5 Ne4 6. Nxd5 Nc6 7. Nf3 h6 8. Bc4 d6 9. O-O Bg4 10. Re1 Ng5 11. exd6+ Kd7 12. Bxg5 hxg5 13. Ne7 Nd4 14. Ne5+ Kxd6 15. Nxf7+ Kc7 16. Qxg4 Qd7 17. Nd5+ Kc8 18.
Re8# 1-0

[Event "Live Chess"]
[Site "Chess.com"]
[Date "2024.06.02"]
[Round "-"]
[White "KeithArkell"]
[Black "Crowded_House"]
[Result "1-0"]
[WhiteElo "2408"]
[BlackElo "1675"]
[TimeControl "300"]
[EndTime "0:31:36 PDT"]
[Termination "KeithArkell won by checkmate"]

1. d4 e6 2. Nf3 d5 3. c4 dxc4 4. e3 b5 5. a4 Bd7 6. axb5 Bxb5 7. Nbd2 Bb4 8. Be2 Nf6 9. O-O Bxd2 10. Nxd2 O-O 11. Bxc4 Bxc4 12. Nxc4 Qd5 13. b3 Nbd7 14. Ba3 Rfb8 15. Qc2 Nb6 16. Rfc1 Qe4 17. Qxe4 Nxe4 18. Ne5 Rc8 19. Rc6 Nf6 20. Rac1 Ne8 21. g4 h6 22. Kg2 Nd5 23. Kg3 Nb6 24. Bc5 Nd5 25. Ra1 a5 26. Nc4 Rcb8 27. Rxa5 Rxa5 28. Nxa5 Rb5 29. Ra6 Nef6 30.
Kf3 Nd7 31. e4 Nb4 32. Ra8+ Kh7 33. Bxb4 Rxb4 34. Ra7 Rxd4 35. Rxc7 Ne5+ 36. Ke3 Rb4 37. h3 Kg6 38. f4 Nxg4+ 39. hxg4 Rb5 40. Ra7 f6 41.
f5+ exf5 42. gxf5+ Kh7 43. Kf4 Rb4 44. Rd7 h5 45.
Re7 Rb5 46. Nc4 Rxb3 47. Nd6 h4 48. Ne8 h3 49. Rxg7+ Kh6 50. Rg1 h2 51. Rh1 Rb2 52. Nxf6 Kg7 53. Ng4 Kf7 54. Rxh2 Rb6 55. Rh7+ Kg8 56.
Rc7 Rb1 57. Kg5 Re1 58. Kg6 Rg1 59. Rc8# 1-0

[Event "Live Chess"]
[Site "Chess.com"]
[Date "2024.06.02"]
[Round "-"]
[White "JohanKjeldahl"]
[Black "wadsy27"]
[Result "0-1"]
[WhiteElo "1871"]
[BlackElo "2582"]
[TimeControl "300"]
[EndTime "0:32:07 PDT"]
[Termination "wadsy27 won by resignation"]

1. c4 f5 2. d4 Nf6 3. Nc3 d6 4. g3 g6 5. Bg2 Bg7 6. e3 O-O 7.
Nge2 c6 8. O-O a5 9. b3 Na6 10. Bb2 Qe8 11. a3 e5 12. dxe5 dxe5 13. Qc2 e4 14. h4 Ng4 15. Nf4 Nc5 16. Rad1 Ne6 17. Nce2 Qf7 18. Bxg7 Qxg7 19. Rd6 Qe7 20. Rfd1 Ne5 21.
R6d2 Nxf4 22. exf4 Ng4 23. Qc3 Be6 24. Nd4 Bf7 25. Nc2 Rad8 26. Ne3 Nxe3 27. fxe3 Rxd2 28. Rxd2 Qxa3 29. Rd7 b5 30. Kh2 h5 31. cxb5 cxb5 32. Rb7 b4 33. Qc7 Qxb3 34. Qxa5 Qxe3 35. Qxb4 Qd3 36.
Qe7 Qd5 37. Rd7 Qe6 38. Kg1 Qxe7 39. Rxe7 Rb8 40. Bf1 Rb2 41. Re5 Kf8 42. Kh1 Rb3 43. Kg2 Rc3 44. Kf2 Bb3 45. Bb5 Bd1 46. Be2 Rc2 0-1

[Event "Live Chess"]
[Site "Chess.com"]
[Date "2024.06.02"]
[Round "-"]
[White "Ksenia_2013"]
[Black "AndrewBak1"]
[Result "0-1"]
[WhiteElo "946"]
[BlackElo "1878"]
[TimeControl "300"]
[EndTime "0:32:47 PDT"]
[Termination "AndrewBak1 won by checkmate"]

1. e4 c5 2. Bc4 e6 3. Nf3 d5 4. exd5 exd5 5. Bb3 b5 6. O-O c4 7. Bxc4 bxc4 8. Re1+ Be7 9. d4 Nf6 10. Bg5 O-O 11.
Bxf6 Bxf6 12. Nc3 Nc6 13. b3 Bg4 14. bxc4 Bxd4 15. Qd3 Bxf3 16. Qxf3 Bxc3 17. Qxc3 dxc4 18. Qxc4 Rc8 19. Qg4 Qf6 20. Re3 Qxa1+ 21. Re1 Qxe1# 0-1

[Event "Live Chess"]
[Site "Chess.com"]
[Date "2024.06.02"]
[Round "-"]
[White "silunn"]
[Black "KeithArkell"]
[Result "0-1"]
[WhiteElo "2202"]
[BlackElo "2413"]
[TimeControl "300"]
[EndTime "0:33:10 PDT"]
[Termination "KeithArkell won by resignation"]

1. e4 c6 2. d4 d5 3. exd5 cxd5 4. c4 Nf6 5. Nc3 g6 6. Be3 Bg7 7. Nf3 O-O 8. Be2 Bg4 9. c5 Nc6 10. h3 Bxf3 11. Bxf3 b6 12. cxb6 axb6 13. Qd2 e6 14. O-O Na5 15. b3 Nb7 16. Na4 Nd6 17. Qb4 Rb8 18. Bf4 Nfe8 19. Rfc1 Rb7 20. Nc5 bxc5 0-1

[Event "Live Chess"]
[Site "Chess.com"]
[Date "2024.06.02"]
[Round "-"]
[White "GerardATHart"]
[Black "ProfPoisson"]
[Result "0-1"]
[WhiteElo "1379"]
[BlackElo "1324"]
[TimeControl "300"]
[EndTime "0:33:27 PDT"]
[Termination "ProfPoisson won by checkmate"]

1. e4 e5 2. Nf3 Nf6 3. Nxe5 Nxe4 4. d4 d5 5. Bd3 Nd7 6. Nf3 Nef6 7. O-O Be7 8. c4 c6 9. Nc3 O-O 10. Bg5 Re8 11. Qc2 dxc4 12. Bxc4 b5 13. Bb3 Nd5 14. Nxd5 Bxg5 15. Nb4 a5 16. Nxc6 Qf6 17. Rfe1 Bb7 18. d5 a4 19. Nfd4 axb3 20. Qxb3 Bxc6 21. Nxc6 Rxe1+ 22. Rxe1 h5 23. Ne7+ Kh7 24. Qxb5 Ne5 25. Qb7 Re8 26.
Nc6 Nf3+ 27. gxf3 Rxe1+ 28. Kg2 Qg6 29. Ne7 Bxe7+ 30. Kh3 Qf5+ 31. Kg2 Qg5+ 32. Kh3 Rg1 33. Qc6 Qg2# 0-1

[Event "Live Chess"]
[Site "Chess.com"]
[Date "2024.06.02"]
[Round "-"]
[White "Tatarinov_Maxim"]
[Black "Jadmis_2011"]
[Result "1-0"]
[WhiteElo "2284"]
[BlackElo "1456"]
[TimeControl "300"]
[EndTime "0:33:31 PDT"]
[Termination "Tatarinov_Maxim won by resignation"]

1. d4 d5 2. c4 e6 3. Nc3 Nf6 4. Bg5 Bb4 5. e3 c6 6. Nf3 h6 7. Bxf6 Qxf6 8. Bd3 O-O 9. O-O Bxc3 10. bxc3 b6 11.
cxd5 cxd5 12. Ne5 Nd7 13. f4 Nxe5 14. fxe5 Qg5 15. Qf3 Bd7 16. Rac1 b5 17. Qe2 a6 18.
Rf3 Rfc8 19. Rg3 Qe7 20. Qg4 Qg5 21. Qh3 Qe7 22. Qxh6 Qf8 1-0

[Event "Live Chess"]
[Site "Chess.com"]
[Date "2024.06.02"]
[Round "-"]
[White "Kyrylo7770"]
[Black "Essefbee"]
[Result "1-0"]
[WhiteElo "1632"]
[BlackElo "1251"]
[TimeControl "300"]
[EndTime "0:33:48 PDT"]
[Termination "Kyrylo7770 won on time"]

1. d4 f5 2. Nf3 Nf6 3. c4 e6 4.
Nc3 Be7 5. Bf4 O-O 6. e3 d6 7. Be2 Qe8 8. d5 e5 9. Bg5 Nbd7 10. h4 h6 11. Bxf6 Bxf6 12. Qc2 Nc5 13. Nb5 Bd8 14. O-O-O a6 15. Nc3 f4 16. exf4 Rxf4 17. h5 Bf5 18. Qd2 Bg4 19. Nh4 Bg5 20. Bxg4 Rxg4 21. Qxg5 Rxg5 22. Ng6 Qf7 23. Rdf1 Nd7 24. g3 Nf8 25.
Ne4 Rf5 26. Nh4 Rxh5 27. g4 Qf4+ 28. Kb1 Qxe4+ 29. Ka1 Rg5 30. Nf5 Rxg4 31. Ne7+ Kh7 32. f3 Qxc4 33. fxg4 Ng6 34. Nxg6 Kxg6 35. g5 hxg5 36.
Rc1 Qxd5 37. Rhd1 Qf7 38. Rf1 Qe7 39. Rc2 c6 40. Rg2 Rf8 41. Rfg1 Qf6 42. a3 e4 43. Re2 Qf3 44. Rge1 d5 45. Re3 Qxe3 46. Rxe3 Rf3 47. Re1 e3 48. Kb1 d4 49. Kc2 c5 50. b4 b6 51. bxc5 bxc5 52. a4 Rf2+ 53. Kd3 Kf5 54. Kc4 g4 55. Kxc5 g3 56. Kxd4 g2 57.
Kxe3 Rf1 58. Rxf1+ gxf1=Q 59. a5 Qh3+ 60. Kd4 Qf3 61. Kc5 Qd3 62. Kc6 Ke6 63. Kb6 Kd6 64. Kb7 Qb5+ 65. Kc8 Qd7+ 66. Kb8 Kc6 67. Ka8 1-0

[Event "Live Chess"]
[Site "Chess.com"]
[Date "2024.06.02"]
[Round "-"]
[White "elephantgerrald"]
[Black "Ferrarifan27"]
[Result "0-1"]
[WhiteElo "822"]
[BlackElo "2113"]
[TimeControl "300"]
[EndTime "0:34:26 PDT"]
[Termination "Ferrarifan27 won by checkmate"]

1. e4 e5 2. Nf3 Nc6 3. Bc4 Nd4 4. d3 Nxf3+ 5. Qxf3 Qf6 6. Qxf6 Nxf6 7. O-O Bc5 8.
Nc3 c6 9. b3 Bd4 10. Bd2 O-O 11. a4 d6 12. Rab1 Be6 13. Bxe6 fxe6 14. Bg5 Rf7 15.
Ne2 Bb6 16. Bxf6 Rxf6 17. Ng3 Raf8 18. Rbe1 Bxf2+ 19. Rxf2 Rxf2 20. Rf1 Rxc2 21. Rxf8+ Kxf8 22. Nh5 Rc3 23. Kf2 Rxd3 24. Ng3 Rxb3 25. Ke2 Ra3 26. Nf1 Rxa4 27. Nd2 Ra2 28. Kd3 Rxd2+ 29. Kxd2 d5 30. exd5 exd5 31. Kd3 c5 32. g4 b5 33. h4 a5 34. Kc3 a4 35. g5 b4+ 36. Kb2 c4 37. h5 d4 38. g6 hxg6 39. hxg6 e4 40. Kc2 e3 41. Kc1 d3 42. Kd1 a3 43. Kc1 b3 44.
Kb1 e2 45. Kc1 e1=Q# 0-1

[Event "Live Chess"]
[Site "Chess.com"]
[Date "2024.06.02"]
[Round "-"]
[White "peteopeteo"]
[Black "vincents82"]
[Result "0-1"]
[WhiteElo "1539"]
[BlackElo "2014"]
[TimeControl "300"]
[EndTime "0:35:16 PDT"]
[Termination "vincents82 won by checkmate"]

1. e4 d5 2. exd5 Qxd5 3. Nc3 Qd8 4. d4 Nf6 5. Nf3 Bg4 6. h3 Bxf3 7. Qxf3 c6 8. Bc4 e6 9. Be3 Bb4 10. O-O Nbd7 11. Ne4 O-O 12. c3 Be7 13. Bd3 Nxe4 14. Qxe4 Nf6 15. Qf3 Qd5 16. Qg3 Ne4 17. Qg4 f5 18.
Qf4 Bd6 19. Bxe4 fxe4 20. Qg4 Qf5 21. Qg5 h6 22. Qh4 e5 23. Rad1 exd4 24. Bxd4 Rae8 25. Bxg7 Kxg7 26. Rxd6 Re6 27. Rd7+ Rf7 28. Qg3+ Kh7 29. Qc7 Rf6 30. Qxb7 e3 31. Rxf7+ Rxf7 32. Qxc6 e2 33.
Rc1 Qxf2+ 34. Kh1 Qf1+ 35. Rxf1 exf1=Q+ 36. Kh2 Qf4+ 37. Kh1 Re7 38. Qd5 Re1# 0-1

[Event "Live Chess"]
[Site "Chess.com"]
[Date "2024.06.02"]
[Round "-"]
[White "Dhaydon19"]
[Black "SimonBoy1"]
[Result "1-0"]
[WhiteElo "2651"]
[BlackElo "1530"]
[TimeControl "300"]
[EndTime "0:35:28 PDT"]
[Termination "Dhaydon19 won by resignation"]

1. d4 d5 2. Nf3 e6 3. g3 Nf6 4. Bg2 c6 5. O-O Be7 6. c4 O-O 7. Qc2 Nbd7 8. Nc3 b6 9. Rd1 Bb7 10. b3 Rc8 11. Bb2 c5 12. dxc5 bxc5 13. e3 Nb6 14. Ne2 Qc7 15. Be5 Bd6 16. Bxd6 Qxd6 17.
Nf4 Rfd8 18. Rac1 Qc7 19. Qc3 Ne4 20. Qc2 Nf6 21. cxd5 exd5 22. Qb2 a5 23. Ne5 a4 24. Nfd3 axb3 25. axb3 c4 26. bxc4 dxc4 27. Bxb7 Qxb7 28.
Nxc4 Qa6 29. Qxb6 Qxb6 30. Nxb6 Rxc1 31. Rxc1 h6 32. Ne5 Rd6 33. Rc8+ Kh7 34. Rh8+ Kxh8 35.
Nxf7+ Kg8 36. Nxd6 Kf8 37. Nbc4 Ke7 1-0

[Event "Live Chess"]
[Site "Chess.com"]
[Date "2024.06.02"]
[Round "-"]
[White "juniortay"]
[Black "upoe610"]
[Result "1-0"]
[WhiteElo "2384"]
[BlackElo "2186"]
[TimeControl "300"]
[EndTime "0:35:30 PDT"]
[Termination "juniortay won by resignation"]

1. e4 e5 2. Nc3 Nf6 3. f4 d5 4.
fxe5 Nxe4 5. d3 Nxc3 6. bxc3 d4 7.
Nf3 dxc3 8. Be2 Nc6 9. O-O Bc5+ 10. Kh1 Be6 11. Qe1 Qe7 12. Qg3 O-O-O 13. Ng5 Nd4 14. Bd1 Bd5 15. Bf4 h6 16. Ne4 Bb6 17. a4 Bxe4 18. dxe4 Qc5 19. Qxg7 Rhg8 20. Qxf7 Rdf8 21. Qd5 Qxd5 22. exd5 Nf5 23. g3 Ne3 24. Re1 Nxd5 25. Rf1 Nxf4 26. gxf4 Rxf4 27. Bf3 a5 28. Bxb7+ Kxb7 29. Rxf4 Rd8 30. e6 Rd2 31. Re4 Rd8 32. e7 Re8 33.
Rd1 Bc5 34. Rd8 Rxe7 35. Rxe7 Bxe7 36. Rd5 Kb6 37. Kg2 Bg5 38. Kf3 Bd2 39. Ke4 c6 40. Rh5 Kc7 41. Kd4 Kd6 42. Kc4 Ke6 43. Rxa5 Kd6 44. Rf5 Ke6 45. Rh5 Kd6 46. a5 Kc7 47.
Rf5 Kb7 48. Rf6 Bg5 49. Rg6 Bd2 50. a6+ Kxa6 51. Rxc6+ Ka5 52. h4 h5 53. Rc5+ Ka4 54. Rxh5 Ka3 55. Ra5+ Kb2 56. Kd3 Kc1 57. h5 Kd1 58. Ra6 Ke1 59. h6 Kf2 60. h7 1-0

[Event "Live Chess"]
[Site "Chess.com"]
[Date "2024.06.02"]
[Round "-"]
[White "RichardABates"]
[Black "JanMur7"]
[Result "1-0"]
[WhiteElo "2369"]
[BlackElo "2252"]
[TimeControl "300"]
[EndTime "0:35:36 PDT"]
[Termination "RichardABates won by resignation"]

1. d4 Nf6 2. Nf3 d5 3. c4 e6 4. g3 dxc4 5. Bg2 Bb4+ 6. Bd2 c5 7. O-O Bxd2 8. Nbxd2 cxd4 9. Nxc4 Nc6 10. a3 O-O 11.
b4 a6 12. Qd3 Rb8 13. Rfd1 b5 14. Nce5 Nxe5 15. Nxe5 Bb7 16. Qxd4 Qxd4 17. Rxd4 Bxg2 18. Kxg2 Nd5 19. e4 Nb6 20. Nc6 Rb7 21. Rad1 h5 22. Rd8 g6 23. Na5 Rc7 24. Rxf8+ Kxf8 25. Rd6 Nc4 26.
Rxa6 Nxa3 27. Rb6 Rc2 28. Nc6 Rc4 29. f3 Rc2+ 30. Kh3 Rf2 31. Ne5 f6 32. Nxg6+ Kf7 33. Nf4 Rxf3 34. Rb7+ Ke8 35. Nxe6 Rb3 36. Ng7+ Kf8 37. Nxh5 Rxb4 38. Nxf6 Nc2 39. e5 Nd4 40. g4 Rb3+ 41. Kg2 Re3 42. g5 Rxe5 43. Nd7+ 1-0

[Event "Live Chess"]
[Site "Chess.com"]
[Date "2024.06.02"]
[Round "-"]
[White "Crowded_House"]
[Black "wadsy27"]
[Result "0-1"]
[WhiteElo "1675"]
[BlackElo "2582"]
[TimeControl "300"]
[EndTime "0:36:10 PDT"]
[Termination "wadsy27 won by resignation"]

1. d4 Nf6 2. Bg5 d5 3. Nf3 c6 4.
e3 Bf5 5. Bd3 Bxd3 6. Qxd3 e6 7.
O-O h6 8. Bh4 Bd6 9. Bg3 Bxg3 10.
hxg3 Nbd7 11. Nbd2 Qc7 12. Rfe1 O-O-O 13. e4 dxe4 14.
Nxe4 Nxe4 15. Qxe4 Nf6 16. Qe5 Rd5 17. Qxc7+ Kxc7 18. c3 Nd7 19. Re4 g5 20. Rae1 b5 21. Ne5 Nxe5 22. Rxe5 Kd6 23. Rxd5+ cxd5 24. a3 a5 25. Re3 Rb8 26. Rf3 f5 27. b4 axb4 28. cxb4 Rc8 29. Rd3 Rc1+ 30. Kh2 Rc2 31. f3 h5 32. g4 hxg4 33.
fxg4 f4 34. Kh3 e5 35. dxe5+ Kxe5 36. g3 Ke4 37. Rb3 fxg3 38. Kxg3 d4 39. Rf3 Rc3 40.
Rxc3 dxc3 0-1

[Event "Live Chess"]
[Site "Chess.com"]
[Date "2024.06.02"]
[Round "-"]
[White "McFim"]
[Black "Duke_of_Bebington"]
[Result "1-0"]
[WhiteElo "1708"]
[BlackElo "1688"]
[TimeControl "300"]
[EndTime "0:36:17 PDT"]
[Termination "McFim won by checkmate"]

1. e4 e5 2. Nf3 Nf6 3. Nxe5 d6 4. Nf3 Nxe4 5. d3 Nf6 6. d4 d5 7. Bd3 Bd6 8. O-O O-O 9. c4 c6 10. cxd5 cxd5 11. Nc3 Nc6 12. h3 Be6 13. a3 Qb6 14.
Bc2 h6 15. Qd3 g6 16. Bxh6 Rfe8 17. Rab1 Bf5 18. Qd2 Ne4 19. Bxe4 dxe4 20. Nh4 Nxd4 21. Nxf5 Nxf5 22. Bg5 Bf8 23. Nd5 Qd4 24. Qxd4 Nxd4 25.
Nf6+ Kg7 26. Nxe8+ Rxe8 27. Be3 Nf5 28. Bd2 Bc5 29.
Bc3+ Kh6 30. Rfe1 e3 31. fxe3 Bxe3+ 32. Kh2 Bf4+ 33. Kh1 Ng3+ 34. Kg1 Rd8 35. Be5 Bxe5 36. Rxe5 Nf5 37. Re2 Kg7 38. Rc1 Rd7 39. Rec2 Nd4 40. Rc7 Rd6 41. Re1 Rb6 42. Ree7 Rxb2 43. Rxf7+ Kh6 44.
Rh7+ Kg5 45. Rxb7 Ne2+ 46. Kh2 Ra2 47. Rxa7 Nf4 48. Ra5+ Kf6 49. Ra6+ Kg5 50. h4+ Kf5 51. Rf7+ Ke5 52. Rxf4 Kxf4 53. Rxg6 Rxa3 54. g3+ Kf5 55. Rg5+ Kf6 56. Kh3 Rb3 57. Ra5 Kg6 58. Ra6+ Kg7 59. h5 Kh7 60. Kh4 Rb4+ 61. g4 Rb1 62. Ra7+ Kh6 63.
g5# 1-0

[Event "Live Chess"]
[Site "Chess.com"]
[Date "2024.06.02"]
[Round "-"]
[White "NAZRIZ1977"]
[Black "f4nomore"]
[Result "1-0"]
[WhiteElo "2127"]
[BlackElo "1252"]
[TimeControl "300"]
[EndTime "0:36:45 PDT"]
[Termination "NAZRIZ1977 won by resignation"]

1. d4 g6 2. Nc3 Bg7 3. e4 d6 4. Nge2 Nf6 5. f3 O-O 6. Be3 Nbd7 7. Qd2 c5 8. O-O-O cxd4 9. Nxd4 Nb6 10. Bh6 e5 11. Nb3 Nc4 12. Bxc4 Be6 13. Bxe6 fxe6 14. Bxg7 Kxg7 15. Qxd6 Qxd6 16. Rxd6 Rfe8 17. Rhd1 b6 18.
g4 a5 19. a4 Rab8 20. g5 Nh5 21. Rd7+ Kg8 22. Nb5 Nf4 23. Rc7 Red8 24. Rxd8+ Rxd8 25.
Nc3 Ng2 26. Rc6 Ne1 27. Rxb6 Nxf3 28. Rxe6 Nxg5 29. Rxe5 Nf3 30. Rxa5 Nxh2 31. Rd5 Re8 32. a5 Nf1 33. a6 Ne3 34. Rd3 Nc4 35. Nc5 Ra8 36. b3 Ne5 37. Rd5 Nc6 38. Rd6 Nb4 39.
Nd5 Nxd5 40. Rxd5 Kf7 41. b4 g5 42. Rxg5 Kf6 43. Rf5+ Kg6 44. b5 h5 45. Rxh5 Kxh5 46.
b6 Rf8 47. b7 Rf1+ 48. Kb2 Rf8 49. a7 Kg4 50. b8=Q 1-0

[Event "Live Chess"]
[Site "Chess.com"]
[Date "2024.06.02"]
[Round "-"]
[White "silunn"]
[Black "Jadmis_2011"]
[Result "1-0"]
[WhiteElo "2204"]
[BlackElo "1456"]
[TimeControl "300"]
[EndTime "0:37:07 PDT"]
[Termination "silunn won by checkmate"]

1. e4 c6 2. d4 d5 3. exd5 cxd5 4. c4 e6 5. Nc3 Nf6 6. Nf3 Bb4 7. Be2 Nc6 8. O-O O-O 9. c5 Bxc3 10. bxc3 a6 11. Bg5 h6 12. Bh4 Re8 13. Qd2 e5 14. dxe5 Nxe5 15. Rfe1 Nxf3+ 16. Bxf3 Rxe1+ 17. Rxe1 Be6 18. Re5 Qc7 19. Bxf6 gxf6 20. Rh5 Qxc5 21. Qxh6 Qxc3 22. Qh8# 1-0

[Event "Live Chess"]
[Site "Chess.com"]
[Date "2024.06.02"]
[Round "-"]
[White "AndrewBak1"]
[Black "RG_ChessLegend"]
[Result "1-0"]
[WhiteElo "1880"]
[BlackElo "1497"]
[TimeControl "300"]
[EndTime "0:37:24 PDT"]
[Termination "AndrewBak1 won by resignation"]

1. e4 c5 2. Nf3 d6 3. d4 cxd4 4. Nxd4 Nf6 5. Nc3 a6 6. Bg5 e6 7. f4 Be7 8. Qf3 Qc7 9. O-O-O Nc6 10. g4 h6 11. Bxf6 Bxf6 12. Nxc6 bxc6 13. h4 Bxc3 14. Qxc3 Rg8 15. g5 hxg5 16. hxg5 Bd7 17. Rh7 e5 18. fxe5 dxe5 19. Rd5 Rd8 20. Rxe5+ Be6 21. Bh3 Rd6 22. Bxe6 Rxe6 23. Rxe6+ fxe6 24. Qc4 Qf4+ 25. Kb1 Qxg5 26.
Qxe6+ Kf8 27. Rh1 Qb5 28. c4 1-0

[Event "Live Chess"]
[Site "Chess.com"]
[Date "2024.06.02"]
[Round "-"]
[White "Greenbecker"]
[Black "NatashaRegan"]
[Result "1/2-1/2"]
[WhiteElo "1776"]
[BlackElo "1720"]
[TimeControl "300"]
[EndTime "0:37:35 PDT"]
[Termination "Game drawn by agreement"]

1. e4 Nf6 2. e5 Nd5 3. Nc3 Nxc3 4. dxc3 d6 5. exd6 cxd6 6. Nf3 Nc6 7. Bd3 Bg4 8. O-O g6 9. h3 Bxf3 10. Qxf3 Ne5 11.
Qxb7 Bg7 12. Bb5+ Kf8 13. a4 h6 14. f4 Rb8 15. Qxa7 Ra8 16. Qf2 Nd7 17. Bxd7 Qxd7 18.
f5 g5 19. Qf3 Rxa4 20. Rxa4 Qxa4 21. Qd3 Bf6 22. Be3 Kg7 23. Bd4 Bxd4+ 24. Qxd4+ Qxd4+ 25. cxd4 Rb8 26. b3 Kf6 27. g4 Rb4 28. Rd1 d5 29. Kf2 e6 30. fxe6 fxe6 31. Ke3 e5 32. dxe5+ Kxe5 33. Kd3 Rd4+ 34. Ke2 Re4+ 35. Kd3 Rd4+ 36. Ke2 Re4+ 37.
Kd3 1/2-1/2

[Event "Live Chess"]
[Site "Chess.com"]
[Date "2024.06.02"]
[Round "-"]
[White "Rusty_Bridges"]
[Black "CheckThis4"]
[Result "0-1"]
[WhiteElo "1466"]
[BlackElo "2693"]
[TimeControl "300"]
[EndTime "0:37:52 PDT"]
[Termination "CheckThis4 won by resignation"]

1. e4 d5 2. exd5 c6 3. d4 cxd5 4. Nf3 Nf6 5. Bd3 Nc6 6. c3 Bg4 7. O-O e6 8. Bg5 h6 9. Bh4 Bd6 10. Nbd2 Qc7 11. h3 Bh5 12. Bxf6 gxf6 13. g4 Rg8 14. Kh1 Bg6 15. Bxg6 Rxg6 16. Rg1 O-O-O 17. Rg2 Rh8 18. h4 Rhg8 19. Qg1 f5 20. Nh2 Bxh2 21. Qxh2 Rxg4 22. Qxc7+ Kxc7 23. Rag1 Rxh4+ 24. Rh2 Rxh2+ 25. Kxh2 Rxg1 26. Kxg1 Kd6 27. Nf3 f6 28. Kg2 e5 29.
Kg3 Ke6 30. Kh4 f4 31. Kh5 e4 32. Nd2 e3 33. fxe3 fxe3 34. Nf3 Kf5 0-1

[Event "Live Chess"]
[Site "Chess.com"]
[Date "2024.06.02"]
[Round "-"]
[White "KeithArkell"]
[Black "GerardATHart"]
[Result "1-0"]
[WhiteElo "2413"]
[BlackElo "1379"]
[TimeControl "300"]
[EndTime "0:38:30 PDT"]
[Termination "KeithArkell won by resignation"]

1. d4 f5 2. Nf3 Nf6 3. Bg5 Ne4 4. h4 h6 5. Bf4 d6 6. Nbd2 g6 7. e3 Bg7 8. Bd3 d5 9. c4 e6 10. cxd5 exd5 11. Be5 O-O 12. Bxg7 Kxg7 13. Rc1 Nc6 14. Ne5 Nxe5 15. dxe5 c6 16. f4 Be6 17.
Nxe4 dxe4 18. Bc4 Qxd1+ 19. Kxd1 Bxc4 20. Rxc4 Rfd8+ 21. Ke2 Rd3 22. Rhc1 Rad8 23. R1c2 Kf7 24. a4 Ke6 25. R4c3 Rd1 26. b4 Ra1 27. b5 Rxa4 28.
bxc6 bxc6 29. Rxc6+ Kf7 30. Rf6+ Kg7 31. Kf2 Ra3 32. Rc7+ Kh8 33. Rd6 Rd3 34. Rxd8+ Rxd8 35. Rxa7 Rd2+ 36. Kf1 Rd3 37. Ke2 Rb3 38. e6 Kg8 39. Ra8+ Kg7 40. e7 Rb2+ 41. Kf1 Rb1+ 42. Kf2 Rb2+ 43.
Kg1 Rb1+ 44. Kh2 Re1 45. e8=Q 1-0

[Event "Live Chess"]
[Site "Chess.com"]
[Date "2024.06.02"]
[Round "-"]
[White "ZombieChainsaw"]
[Black "hapehansen"]
[Result "0-1"]
[WhiteElo "1793"]
[BlackElo "2251"]
[TimeControl "300"]
[EndTime "0:38:44 PDT"]
[Termination "hapehansen won on time"]

1. e4 c6 2. d3 d5 3. Nd2 e5 4. Ngf3 Bd6 5. d4 exd4 6. exd5 cxd5 7. Be2 Nc6 8. O-O Nf6 9. Nb3 O-O 10. Nfxd4 Re8 11. Bf3 Ne5 12. Bg5 Nxf3+ 13. Nxf3 Be6 14. Nfd4 h6 15. Nxe6 fxe6 16. Be3 Qc7 17. c3 Bxh2+ 18. Kh1 Bd6 19. g3 Rf8 20. Kg2 Qf7 21. Nd4 a6 22. Qd3 Rae8 23. Rh1 Ne4 24. Raf1 e5 25. Bxh6 exd4 26.
Bc1 dxc3 27. f3 Nf6 28. Bg5 cxb2 29. Bxf6 gxf6 30. Rh6 f5 31. Rxd6 Re6 32. Rxd5 Rfe8 33. Rxf5 Re2+ 34. Kg1 Qg7 35. Qb3+ R8e6 0-1

[Event "Live Chess"]
[Site "Chess.com"]
[Date "2024.06.02"]
[Round "-"]
[White "vincents82"]
[Black "Ferrarifan27"]
[Result "0-1"]
[WhiteElo "2008"]
[BlackElo "2119"]
[TimeControl "300"]
[EndTime "0:38:54 PDT"]
[Termination "Ferrarifan27 won by resignation"]

1. e4 e5 2. Nf3 Nc6 3. Bb5 a6 4. Ba4 Nf6 5. d3 b5 6. Bb3 Bc5 7. O-O O-O 8. c3 d6 9. Re1 Bg4 10. Nbd2 Bb6 11. Nf1 Re8 12. h3 Bh5 13. Ng3 Bg6 14.
Nh4 Nxe4 15. dxe4 Qxh4 16. Bd5 Qxg3 17. Bxc6 Bxf2+ 18. Kh1 Bxe1 19. Bxa8 Rxa8 20. Be3 Bxe4 21. Qe2 Bxg2+ 22. Qxg2 Qxg2+ 23. Kxg2 Bh4 0-1

[Event "Live Chess"]
[Site "Chess.com"]
[Date "2024.06.02"]
[Round "-"]
[White "AlexanderMatlak"]
[Black "JohanKjeldahl"]
[Result "1-0"]
[WhiteElo "2410"]
[BlackElo "1870"]
[TimeControl "300"]
[EndTime "0:38:56 PDT"]
[Termination "AlexanderMatlak won by resignation"]

1. e4 c5 2. Be2 Nc6 3. f4 e6 4.
Nf3 a6 5. O-O Nge7 6. c3 d5 7.
d3 Qc7 8. Na3 g6 9. Nc2 Bg7 10.
Qe1 O-O 11. Qh4 f5 12. e5 b5 13. Be3 c4 14. d4 a5 15. h3 b4 16. g4 Bd7 17. Kh1 bxc3 18. bxc3 Rab8 19. Bc1 h6 20. Ba3 Rb7 21. Bxe7 Nxe7 22. Qxe7 fxg4 23. hxg4 Rxf4 24. Nh4 g5 25. Rxf4 gxf4 26. g5 Bf8 27. Qf6 Bg7 28. Qg6 Be8 29. Qxe8+ 1-0

[Event "Live Chess"]
[Site "Chess.com"]
[Date "2024.06.02"]
[Round "-"]
[White "AndrewBak1"]
[Black "Kyrylo7770"]
[Result "1-0"]
[WhiteElo "1884"]
[BlackElo "1629"]
[TimeControl "300"]
[EndTime "0:39:58 PDT"]
[Termination "AndrewBak1 won by resignation"]

1. e4 c6 2. d4 d5 3. e5 Bf5 4. h4 h5 5. Bg5 Qa5+ 6. c3 e6 7. Bd3 Bg4 8. f3 Bf5 9. Bxf5 exf5 10. Qd3 g6 11. Ne2 Be7 12. Nf4 Bxg5 13. hxg5 Nd7 14. e6 fxe6 15. Nxe6 Nb6 16. Nc7+ Kd7 17.
Nxa8 Ne7 18. Nxb6+ Qxb6 19. b3 Re8 20. O-O Qc7 21.
f4 Rh8 22. Nd2 h4 23. Nf3 Qxf4 24. Ne5+ Kd6 25. Rxf4 h3 26. Nf7+ Ke6 27. Nxh8 1-0

[Event "Live Chess"]
[Site "Chess.com"]
[Date "2024.06.02"]
[Round "-"]
[White "Dhaydon19"]
[Black "peteopeteo"]
[Result "1-0"]
[WhiteElo "2651"]
[BlackElo "1539"]
[TimeControl "300"]
[EndTime "0:40:22 PDT"]
[Termination "Dhaydon19 won by checkmate"]

1. d4 d5 2. Nf3 Nf6 3. g3 Bf5 4.
Bg2 e6 5. O-O Nbd7 6. c3 c5 7.
Nbd2 Qb6 8. dxc5 Bxc5 9. Nb3 O-O 10. Nxc5 Nxc5 11. Be3 Qc6 12. Nd4 Qc7 13. Nxf5 exf5 14. Qd4 Ne6 15. Qd2 Ne4 16. Qxd5 Rfd8 17. Qxf5 Nf6 18.
Rfd1 Qe7 19. Qc2 Rac8 20. Rxd8+ Qxd8 21. Rd1 Qe7 22. Qb3 Nc5 23. Bxc5 Qxc5 24. Qxb7 Ng4 25. Rd4 Qf5 26. Bf3 Re8 27. Bxg4 Qb1+ 28. Kg2 Qg6 29. Bf3 h5 30. Bd5 Rxe2 31. Rf4 Qd6 32. Qxf7+ Kh8 33.
Qg8# 1-0

[Event "Live Chess"]
[Site "Chess.com"]
[Date "2024.06.02"]
[Round "-"]
[White "wadsy27"]
[Black "JanMur7"]
[Result "1-0"]
[WhiteElo "2584"]
[BlackElo "2250"]
[TimeControl "300"]
[EndTime "0:41:17 PDT"]
[Termination "wadsy27 won by resignation"]

1. d4 Nf6 2. c4 a6 3. Nc3 b5 4.
cxb5 axb5 5. Nxb5 e5 6. Nc3 Bb4 7. dxe5 Ne4 8. Bd2 Nxd2 9. Qxd2 Nc6 10. Nf3 Qe7 11. e3 Nxe5 12. Be2 O-O 13. Nxe5 Qxe5 14. Bf3 Ra3 15. O-O Rxc3 16. bxc3 Bxc3 17. Qd1 Bxa1 18. Qxa1 Qxa1 19. Rxa1 Ba6 20. Rd1 d6 21. Rb1 g6 22.
Bc6 Rd8 23. e4 Kg7 24. f3 Kf6 25. Kf2 Bc4 26. a4 d5 27. Rc1 h5 28. Ke3 d4+ 29. Kd2 Ba6 30. Bd5 Rc8 31. Rc6+ 1-0